[Event "Titled Tuesday Blitz July 18 Late 2023"]
[White "Sipila, Vilka"]
[Black "Slovineanu, Viacheslav"]
[WhiteFideId "505455"]
[BlackFideId "13900510"]
[WhiteElo "2597"]
[BlackElo "2348"]
[Result "1-0"]
[Round "1"]
[TimeControl "180+2"]
[Date "2023.07.18"]
[WhiteClock "0:01:45"]
[BlackClock "0:00:00"]
[Board "118"]

1. b3 Nf6 2. Bb2 e6 3. e3 d5 4. f4 Be7 5. Nf3 c5 6. Be2 b6 7. Bb5+ Bd7 8. Bxd7+ Nbxd7 9. O-O O-O 10. Qe1 Qc7 11. Qg3 Rfd8 12. d3 b5 13. Ne5 c4 14. Nxd7 Qxd7 15. Nd2 cxd3 16. cxd3 Rac8 17. Nf3 Rc2 18. Bd4 Rdc8 19. a4 b4 20. a5 a6 21. h3 g6 22. Qh4 Ne8 23. Ng5 h5 24. g4 Re2 25. Rae1 Rxe1 26. Rxe1 Nf6 27. Bxf6 Bxf6 28. gxh5 Rc2 29. Kh1 Qe7 30. Rg1 Bxg5 31. Rxg5 Kg7 32. Rxg6+ Kf8 33. Rg8+ 1-0


[Site "https://www.chess.com"]

[Event "Titled Tuesday Blitz July 18 Late 2023"]
[White "Villarreal, Agustin"]
[Black "Golubev, Mikhail"]
[WhiteFideId "125687"]
[BlackFideId "14100983"]
[WhiteElo "2348"]
[BlackElo "2595"]
[Result "1-0"]
[Round "1"]
[TimeControl "180+2"]
[Date "2023.07.18"]
[WhiteClock "0:01:33"]
[BlackClock "0:00:00"]
[Board "119"]

1. d4 Nf6 2. Nf3 d6 3. c4 g6 4. Nc3 Bg7 5. Bf4 O-O 6. h3 Nc6 7. d5 e5 8. Bg5 Ne7 9. e4 a5 10. g4 c6 11. Be2 cxd5 12. cxd5 Bd7 13. Nd2 a4 14. a3 b5 15. h4 Rb8 16. h5 h6 17. Bxf6 Bxf6 18. hxg6 fxg6 19. Rxh6 Kg7 20. Rh1 Bg5 21. Nf3 Bf4 22. Qd3 Ng8 23. Nd2 b4 24. axb4 Rxb4 25. Qh3 Nf6 26. Nc4 Bc8 27. Rxa4 Rxa4 28. Nxa4 Nxe4 29. Qh7+ Kf6 30. Nc3 Nxc3 31. bxc3 Ba6 32. g5+ Bxg5 33. Ne3 Bxe2 34. Kxe2 Qc8 35. Rh3 Bxe3 36. Rxe3 Qc4+ 37. Ke1 Qg4 38. Qc7 Qg1+ 39. Ke2 Qg4+ 40. Kd2 Qf4 41. Qxd6+ Kg7 42. Qe7+ Rf7 43. Qxe5+ Qxe5 44. Rxe5 Rxf2+ 45. Re2 Rf4 46. Kd3 g5 47. c4 g4 48. c5 g3 49. Rg2 1-0


[Site "https://www.chess.com"]

[Event "Titled Tuesday Blitz July 18 Late 2023"]
[White "Pinero Rodriguez, Carlos Jose"]
[Black "Diano, Eden"]
[WhiteFideId "3901726"]
[BlackFideId "5203708"]
[WhiteElo "2592"]
[BlackElo "2347"]
[Result "0-1"]
[Round "1"]
[TimeControl "180+2"]
[Date "2023.07.18"]
[WhiteClock "0:00:14"]
[BlackClock "0:01:28"]
[Board "120"]

1. b3 c5 2. Bb2 Nc6 3. Nf3 d5 4. e3 a6 5. d4 cxd4 6. exd4 Nf6 7. a3 Bg4 8. h3 Bxf3 9. Qxf3 e6 10. Nd2 Rc8 11. Bd3 Bd6 12. O-O Bb8 13. Qe2 O-O 14. f4 Ba7 15. Nf3 Qc7 16. g3 Rfd8 17. Rad1 b5 18. c3 Na5 19. b4 Nc4 20. Bc1 Qb7 21. Ne5 Nd6 22. Bd2 Nfe4 23. Be1 Nxc3 24. Bxc3 Rxc3 25. Bb1 Rxg3+ 26. Kh2 Rxa3 27. Qh5 g6 28. Rg1 Bxd4 29. Rxd4 Qb6 30. Bxg6 fxg6 31. Nxg6 Qxd4 32. Ne5+ Kh8 33. Qg5 Ra2+ 34. Kh1 Qe4+ 0-1


[Site "https://www.chess.com"]

[Event "Titled Tuesday Blitz July 18 Late 2023"]
[White "Shapiro, Daniel"]
[Black "Dragomirescu, Robin-Alexandru"]
[WhiteFideId "2001780"]
[BlackFideId "1213849"]
[WhiteElo "2343"]
[BlackElo "2591"]
[Result "1-0"]
[Round "1"]
[TimeControl "180+2"]
[Date "2023.07.18"]
[WhiteClock "0:00:01"]
[BlackClock "0:00:00"]
[Board "121"]

1. d4 Nf6 2. c4 e6 3. g3 Bb4+ 4. Bd2 c5 5. Nf3 Nc6 6. dxc5 Bxc5 7. Bg2 b6 8. O-O Bb7 9. a3 d5 10. b4 Be7 11. Qb3 O-O 12. cxd5 Qxd5 13. Qxd5 Nxd5 14. e4 Nf6 15. Nc3 Rfd8 16. Rfd1 Nd4 17. Nxd4 Rxd4 18. e5 Nd5 19. Nb5 Rd3 20. Be4 Rb3 21. Nd4 Rb2 22. Bxd5 Bxd5 23. Bc1 Rb3 24. Nxb3 Bxb3 25. Rd7 Kf8 26. Bd2 Ke8 27. Rc7 Bd8 28. Rc3 Bd5 29. Rac1 Kd7 30. a4 h5 31. f4 a6 32. Rd3 Be7 33. a5 bxa5 34. bxa5 Rb8 35. h3 Rb2 36. g4 hxg4 37. hxg4 g6 38. f5 gxf5 39. gxf5 Bd8 40. fxe6+ fxe6 41. Rf1 Be7 42. Rf7 Ke8 43. Rh7 Bc5+ 44. Be3 Be4 45. Rc3 Bxe3+ 46. Rxe3 1-0


[Site "https://www.chess.com"]

[Event "Titled Tuesday Blitz July 18 Late 2023"]
[White "Rodchenkov, Sergey D."]
[Black "Dubreuil, Julien"]
[WhiteFideId "4168712"]
[BlackFideId "621285"]
[WhiteElo "2585"]
[BlackElo "2341"]
[Result "1-0"]
[Round "1"]
[TimeControl "180+2"]
[Date "2023.07.18"]
[WhiteClock "0:01:48"]
[BlackClock "0:00:53"]
[Board "122"]

1. e4 c5 2. Nf3 Nc6 3. d4 cxd4 4. Nxd4 g6 5. c4 Bg7 6. Be3 Nf6 7. Nc3 O-O 8. Be2 d6 9. O-O Bd7 10. Qd2 Nxd4 11. Bxd4 Bc6 12. f3 a5 13. b3 Nd7 14. Be3 Nc5 15. Rac1 Be5 16. Nb5 e6 17. Bg5 f6 18. Bh6 f5 19. Bxf8 Qxf8 20. exf5 gxf5 21. f4 Qg7 22. Bf3 Bb2 23. Rc2 Bf6 24. Qxd6 Ne4 25. Qxe6+ Kh8 26. Qxf5 Bd4+ 27. Nxd4 Qxd4+ 28. Kh1 Nd6 29. Qe5+ Qxe5 30. fxe5 Ne4 31. Bxe4 Bxe4 32. Rd2 Bc6 33. e6 Re8 34. Re2 Kg8 35. e7 1-0


[Site "https://www.chess.com"]

[Event "Titled Tuesday Blitz July 18 Late 2023"]
[White "ExchangeAB"]
[Black "Lizak, Peter"]
[BlackFideId "731595"]
[WhiteElo "2339"]
[BlackElo "2584"]
[Result "0-1"]
[Round "1"]
[TimeControl "180+2"]
[Date "2023.07.18"]
[WhiteClock "0:00:18"]
[BlackClock "0:00:57"]
[Board "123"]

1. d4 Nf6 2. Nc3 c5 3. d5 g6 4. e4 d6 5. f4 Bg7 6. Bb5+ Bd7 7. e5 Ng8 8. Nf3 Bxb5 9. Nxb5 Qa5+ 10. Nc3 Nd7 11. O-O Nh6 12. exd6 exd6 13. Re1+ Kf8 14. Bd2 Qb6 15. Ng5 Nf5 16. Qe2 h6 17. Nxf7 Rh7 18. g4 Bd4+ 19. Kh1 Rxf7 20. gxf5 gxf5 21. Qe6 Nf6 22. Qxf5 Qxb2 23. Rab1 Qa3 24. Rb3 Qa6 25. Ne4 Re8 26. Nxf6 Rxe1+ 27. Kg2 Qf1+ 0-1


[Site "https://www.chess.com"]

[Event "Titled Tuesday Blitz July 18 Late 2023"]
[White "Geivondian, Arman"]
[Black "Avalos Parra, Joao"]
[WhiteFideId "24102032"]
[BlackFideId "3402541"]
[WhiteElo "2584"]
[BlackElo "2336"]
[Result "1-0"]
[Round "1"]
[TimeControl "180+2"]
[Date "2023.07.18"]
[WhiteClock "0:02:35"]
[BlackClock "0:01:20"]
[Board "124"]

1. e4 e5 2. Nf3 Nc6 3. d4 exd4 4. Nxd4 Nf6 5. Nxc6 bxc6 6. Bd3 d5 7. exd5 cxd5 8. O-O Be7 9. Nc3 O-O 10. Bg5 Rb8 11. b3 c6 12. Qd2 Bb4 13. a3 Be7 14. Rfe1 h6 15. Bxh6 gxh6 16. Qxh6 Re8 17. Re5 Ne4 18. Nxe4 dxe4 19. Bxe4 f5 20. Bxf5 Bxf5 21. Rxf5 Qd6 22. Rg5+ Bxg5 23. Qxd6 1-0


[Site "https://www.chess.com"]

[Event "Titled Tuesday Blitz July 18 Late 2023"]
[White "Adireddy Arjun"]
[Black "Kretchetov, Alexandre"]
[WhiteFideId "25647709"]
[BlackFideId "4124588"]
[WhiteElo "2334"]
[BlackElo "2583"]
[Result "1-0"]
[Round "1"]
[TimeControl "180+2"]
[Date "2023.07.18"]
[WhiteClock "0:00:03"]
[BlackClock "0:00:17"]
[Board "125"]

1. Nf3 Nf6 2. g3 b6 3. Bg2 Bb7 4. O-O g6 5. d4 Bg7 6. c4 O-O 7. Nc3 Ne4 8. Qc2 Nxc3 9. bxc3 e6 10. e4 d6 11. a4 Nc6 12. Rd1 Na5 13. Nd2 a6 14. Ba3 Qe7 15. c5 bxc5 16. dxc5 dxc5 17. Nb3 Nxb3 18. Qxb3 Rfb8 19. Qc4 a5 20. Qxc5 Qxc5 21. Bxc5 Bxc3 22. Rac1 Bg7 23. Be3 c6 24. Rb1 Ba6 25. Bf4 Rxb1 26. Rxb1 Bc3 27. Rb6 Bb4 28. Rxc6 Bd3 29. Bf3 Rd8 30. Kg2 Re8 31. Be5 Rd8 32. Bf6 Rb8 33. Be5 Rd8 34. g4 h6 35. h4 Bb1 36. Rc1 Ba2 37. Bf6 Rb8 38. Be2 Bb3 39. Bb5 Bf8 40. Rc7 Ra8 41. g5 hxg5 42. hxg5 Rb8 43. Ra7 Bb4 44. Be5 Rd8 45. Bf6 Rb8 46. Rc7 Bd1 47. Kg3 Bb3 48. f4 Bf8 49. Ra7 Bb4 50. Rd7 Bc2 51. Kf3 Rc8 52. Ba6 Rb8 53. Rc7 Bb3 54. Rc1 Bxa4 55. Rh1 Bd1+ 56. Rxd1 Bf8 57. Rd8 Rxd8 58. Bxd8 a4 59. Bc4 a3 60. Ke3 Bb4 61. Kd3 Bc5 62. Bf6 Kf8 63. Bd4 Bd6 64. e5 Bb4 65. Kc2 Ke8 66. Be3 Kd8 67. Kb3 Be7 68. Bc1 Bc5 69. Bb5 Be3 70. Bxe3 a2 71. Kxa2 1-0


[Site "https://www.chess.com"]

[Event "Titled Tuesday Blitz July 18 Late 2023"]
[White "Fonseca Manrique, Enrique"]
[Black "Arias Igual, Alejandro"]
[WhiteFideId "5114330"]
[BlackFideId "2254905"]
[WhiteElo "2582"]
[BlackElo "2331"]
[Result "1-0"]
[Round "1"]
[TimeControl "180+2"]
[Date "2023.07.18"]
[WhiteClock "0:00:31"]
[BlackClock "0:00:00"]
[Board "126"]

1. e4 c5 2. Nc3 Nc6 3. f4 g6 4. Nf3 Bg7 5. Bb5 Nd4 6. Ba4 e6 7. O-O Ne7 8. d3 O-O 9. Bb3 Nxb3 10. axb3 d6 11. Qe1 Nc6 12. Be3 Nd4 13. Qf2 Nc6 14. d4 cxd4 15. Nxd4 Bd7 16. Ndb5 Qe7 17. Rfd1 a6 18. Nxd6 f6 19. Nxb7 Rfc8 20. Nd6 Rd8 21. Bb6 e5 22. Bxd8 Rxd8 23. fxe5 fxe5 24. Nc4 Nd4 25. Nd5 Qc5 26. Kh1 Rf8 27. Qd2 Bc6 28. Rf1 Rd8 29. Rxa6 Ne6 30. Rxc6 1-0


[Site "https://www.chess.com"]

[Event "Titled Tuesday Blitz July 18 Late 2023"]
[White "Alain_Otero"]
[Black "Ozates, Tuna"]
[BlackFideId "6354521"]
[WhiteElo "2330"]
[BlackElo "2582"]
[Result "0-1"]
[Round "1"]
[TimeControl "180+2"]
[Date "2023.07.18"]
[WhiteClock "0:00:00"]
[BlackClock "0:00:36"]
[Board "127"]

1. e4 c5 2. Nf3 Nc6 3. d4 cxd4 4. Nxd4 Nf6 5. Nc3 e5 6. Ndb5 d6 7. Bg5 a6 8. Na3 b5 9. Nd5 Be7 10. Bxf6 Bxf6 11. c3 O-O 12. Nc2 Bg5 13. a4 Rb8 14. axb5 axb5 15. Be2 Kh8 16. O-O g6 17. Ncb4 Bd7 18. Ra6 Qc8 19. Nb6 Qb7 20. Nxd7 Nxb4 21. Rxd6 Be7 22. Rd2 Nc6 23. Nxb8 Rxb8 24. Qb3 Kg8 25. Rfd1 Qb6 26. Rd7 b4 27. Bc4 Rf8 28. Bd5 Na5 29. Qa2 b3 30. Qa4 Bc5 31. Rf1 h5 32. g3 h4 33. Kg2 hxg3 34. hxg3 Kg7 35. Qa1 Kf6 36. Rh1 Nc6 37. Qd1 Ne7 38. Qf3+ Kg7 39. Bc4 Qc6 40. Ra7 Bxa7 41. Bxf7 Nf5 42. exf5 Qxf3+ 43. Kxf3 Rxf7 44. Ke4 Rxf5 45. f3 Rf7 0-1


[Site "https://www.chess.com"]

[Event "Titled Tuesday Blitz July 18 Late 2023"]
[White "Tarhan, Adar"]
[Black "Vifleemskaia, Svetlana"]
[WhiteFideId "34544712"]
[BlackFideId "4129490"]
[WhiteElo "2580"]
[BlackElo "2330"]
[Result "1-0"]
[Round "1"]
[TimeControl "180+2"]
[Date "2023.07.18"]
[WhiteClock "0:01:14"]
[BlackClock "0:00:00"]
[Board "128"]

1. d4 Nf6 2. c3 d5 3. Bg5 Ne4 4. Bf4 c5 5. e3 Nc6 6. Nd2 Bf5 7. Nxe4 Bxe4 8. f3 Bg6 9. Bb5 a6 10. Bxc6+ bxc6 11. h4 h6 12. h5 Bh7 13. dxc5 f6 14. b4 e5 15. Bg3 a5 16. a3 Be7 17. Nh3 Qd7 18. Nf2 O-O 19. e4 Ra6 20. Qd3 Rfa8 21. Rd1 axb4 22. axb4 Ra3 23. O-O d4 24. Qc4+ Kh8 25. cxd4 Bg8 26. d5 Rd8 27. Qc1 Rb3 28. d6 Bf8 29. Qd2 Rb8 30. Rb1 Qb7 31. Rxb3 Bxb3 32. Rb1 Be6 33. Nd3 Qb5 34. Bf2 Bc4 35. Ne1 Ra8 36. Nc2 Kh7 37. g4 g5 38. hxg6+ Kxg6 39. Ne3 Be6 40. Nf5 h5 41. Nh4+ Kf7 42. gxh5 Ra2 43. Qd1 Bh6 44. d7 Rd2 45. Qxd2 Bxd2 46. d8=Q 1-0


[Site "https://www.chess.com"]

[Event "Titled Tuesday Blitz July 18 Late 2023"]
[White "Gavarrete, Nahun"]
[Black "brm72"]
[WhiteFideId "8400709"]
[WhiteElo "2329"]
[BlackElo "2577"]
[Result "0-1"]
[Round "1"]
[TimeControl "180+2"]
[Date "2023.07.18"]
[WhiteClock "0:00:36"]
[BlackClock "0:00:44"]
[Board "129"]

1. e4 c6 2. c4 d5 3. exd5 cxd5 4. cxd5 Nf6 5. Nc3 Nxd5 6. Nf3 Nc6 7. d4 g6 8. Bb5 Bg7 9. O-O O-O 10. Re1 h6 11. h3 a6 12. Bxc6 bxc6 13. Ne5 Qd6 14. Ne4 Qc7 15. Nc5 Bf5 16. g4 Bc8 17. Qa4 Nb6 18. Qc2 Nd5 19. Bd2 a5 20. Rac1 Ba6 21. Nb3 Bb5 22. Nxc6 Qd6 23. Nbxa5 Rfc8 24. Bb4 Qxb4 25. Nxb4 Rxc2 26. Rxc2 Nxb4 27. Rc5 Rxa5 28. a3 Nd3 0-1


[Site "https://www.chess.com"]

[Event "Titled Tuesday Blitz July 18 Late 2023"]
[White "Manukyan, Artyom"]
[Black "Gomes, Luiz Alexandre de Souza"]
[WhiteFideId "13305786"]
[BlackFideId "2102790"]
[WhiteElo "2576"]
[BlackElo "2323"]
[Result "0-1"]
[Round "1"]
[TimeControl "180+2"]
[Date "2023.07.18"]
[WhiteClock "0:01:42"]
[BlackClock "0:01:38"]
[Board "130"]

1. Nf3 Nf6 2. c4 e6 3. g3 d5 4. Bg2 Be7 5. O-O O-O 6. d4 b6 7. b3 Bb7 8. Bb2 Nbd7 9. Nbd2 c5 10. Rc1 Rc8 11. Rc2 dxc4 12. Nxc4 cxd4 13. Qxd4 Nc5 14. Rd1 Qxd4 15. Rxd4 Rfd8 16. Rcd2 Rxd4 17. Rxd4 h6 18. Nfe5 Bxg2 19. Kxg2 Nd5 20. e4 Nb4 21. a3 Nc6 22. Nxc6 Rxc6 23. Ne5 Rc7 24. b4 Na4 25. Rc4 Rxc4 26. Nxc4 b5 0-1


[Site "https://www.chess.com"]

[Event "Titled Tuesday Blitz July 18 Late 2023"]
[White "Herbst, Richard"]
[Black "Hajiyev, Kanan"]
[WhiteFideId "2041251"]
[BlackFideId "13404148"]
[WhiteElo "2319"]
[BlackElo "2573"]
[Result "1/2-1/2"]
[Round "1"]
[TimeControl "180+2"]
[Date "2023.07.18"]
[WhiteClock "0:00:18"]
[BlackClock "0:00:17"]
[Board "131"]

1. e4 c6 2. d4 d5 3. exd5 cxd5 4. Bd3 Nc6 5. c3 Qc7 6. h3 Nf6 7. Nf3 g6 8. O-O Bg7 9. Re1 O-O 10. Nbd2 Bf5 11. Nf1 Bxd3 12. Qxd3 Ne4 13. g3 e6 14. Kg2 a5 15. a4 Qb6 16. Re2 Qa6 17. Qxa6 Rxa6 18. Bf4 Rc8 19. N1d2 Nxd2 20. Nxd2 h5 21. g4 hxg4 22. hxg4 Rb6 23. Nf3 Kf8 24. Rh1 Ra6 25. Bh6 Bxh6 26. Rxh6 Kg7 27. Rh1 Rh8 28. Rxh8 Kxh8 29. Kg3 Kg7 30. Kf4 Rb6 31. Ne5 g5+ 32. Ke3 Nxe5 33. dxe5 Rc6 34. Kd3 Rc4 35. b3 Rxg4 36. c4 d4 37. b4 axb4 38. Rb2 Rf4 39. a5 b3 40. c5 Rh4 41. c6 bxc6 42. a6 Rh3+ 43. Kxd4 Rh4+ 44. Kc5 Ra4 45. Kb6 Ra3 46. Kb7 c5 47. a7 c4 48. a8=Q Rxa8 49. Kxa8 Kg6 50. Kb7 Kf5 51. Kc6 Ke4 52. Kc5 Kd3 53. Kb4 g4 54. Rb1 Kc2 55. Rg1 c3 56. Rxg4 b2 57. Rg1 b1=Q+ 58. Rxb1 Kxb1 59. Kxc3 Kc1 60. Kd4 Kd2 61. Kc5 Kd3 62. Kd6 Ke4 63. Ke7 Kxe5 64. Kxf7 Kf5 65. Ke7 e5 66. Kd6 e4 67. Kd5 Kf4 68. Kd4 Kf3 69. Ke5 e3 70. fxe3 Kxe3 1/2-1/2


[Site "https://www.chess.com"]

[Event "Titled Tuesday Blitz July 18 Late 2023"]
[White "Dobrikov, Marco"]
[Black "kripri"]
[WhiteFideId "12950378"]
[WhiteElo "2573"]
[BlackElo "2315"]
[Result "1/2-1/2"]
[Round "1"]
[TimeControl "180+2"]
[Date "2023.07.18"]
[WhiteClock "0:00:26"]
[BlackClock "0:00:17"]
[Board "132"]

1. c4 e5 2. Nc3 Nf6 3. e3 c6 4. Nf3 e4 5. Nd4 d5 6. cxd5 cxd5 7. d3 Bc5 8. Be2 O-O 9. O-O Nbd7 10. Bd2 Ne5 11. dxe4 dxe4 12. Ncb5 a6 13. Rc1 Bb6 14. Na3 Bxd4 15. exd4 Qxd4 16. Qe1 Nd3 17. Bxd3 Qxd3 18. Nc4 Be6 19. Ne3 Rac8 20. Bc3 Nd5 21. Rd1 Qb5 22. Nxd5 Bxd5 23. Qe3 Bc6 24. Qg3 f6 25. Rd6 Qf5 26. Rfd1 Kh8 27. h3 Qg6 28. Qe3 Rfe8 29. a3 Qf7 30. h4 Qe7 31. h5 Rcd8 32. Rxd8 Rxd8 33. Rxd8+ Qxd8 34. h6 Qd1+ 35. Be1 gxh6 36. Kh2 Qh5+ 37. Kg1 Qd1 38. Qc3 Kg7 39. Kh2 Qh5+ 40. Kg1 Qd1 41. b3 Qd5 42. Qg3+ Kf7 43. Qe3 f5 44. Qxh6 Kg8 45. Bc3 Qd7 46. Qf6 Qd1+ 47. Kh2 Qh5+ 48. Kg3 Qg4+ 49. Kh2 Qh5+ 50. Kg1 Qd1+ 51. Kh2 Qh5+ 1/2-1/2


[Site "https://www.chess.com"]

[Event "Titled Tuesday Blitz July 18 Late 2023"]
[White "Real_taiatai"]
[Black "Principe, Gerson"]
[BlackFideId "3804550"]
[WhiteElo "2313"]
[BlackElo "2571"]
[Result "1-0"]
[Round "1"]
[TimeControl "180+2"]
[Date "2023.07.18"]
[WhiteClock "0:00:18"]
[BlackClock "0:00:01"]
[Board "133"]

1. e4 c5 2. Nf3 e6 3. d4 cxd4 4. Nxd4 Nf6 5. Nc3 Nc6 6. Ndb5 Bb4 7. Nd6+ Ke7 8. Bf4 e5 9. Nf5+ Kf8 10. Bg5 d5 11. Bxf6 Qxf6 12. Qxd5 Bxf5 13. exf5 Rd8 14. Qe4 Qd6 15. Bd3 Qc5 16. O-O Rd4 17. Qe2 Bxc3 18. bxc3 Qxc3 19. Rab1 b6 20. Rb3 Qc5 21. Rb5 Qd6 22. Be4 Ne7 23. c3 Rd2 24. Qc4 g6 25. f6 Qxf6 26. Qc7 Kg7 27. Rxe5 Nc8 28. Bd5 Rd8 29. c4 Nd6 30. Re3 Nf5 31. Rf3 h5 32. g3 Qd6 33. Qxf7+ Kh6 34. Rxf5 gxf5 35. Qxf5 Rxd5 36. cxd5 Qxd5 37. Qf6+ Kh7 38. Re1 Rd7 39. Re8 Qd1+ 40. Kg2 Qd5+ 41. Kh3 Rg7 42. Re5 Qd7+ 43. Kg2 Qb7+ 44. f3 Qf7 45. Qxf7 Rxf7 46. Rxh5+ Kg6 47. Rd5 Rc7 48. Rd2 Rc3 49. f4 b5 50. g4 b4 51. Rd6+ Kf7 52. Ra6 Rc2+ 53. Kg3 Rc3+ 54. Kh4 Rc7 55. Kg5 Rb7 56. f5 b3 57. axb3 1-0


[Site "https://www.chess.com"]

[Event "Titled Tuesday Blitz July 18 Late 2023"]
[White "Vovk, Orest"]
[Black "kiwibobo"]
[WhiteFideId "14113490"]
[WhiteElo "2571"]
[BlackElo "2313"]
[Result "1-0"]
[Round "1"]
[TimeControl "180+2"]
[Date "2023.07.18"]
[WhiteClock "0:00:12"]
[BlackClock "0:00:12"]
[Board "134"]

1. g4 d5 2. h3 e5 3. Bg2 Nc6 4. c4 Be6 5. Nc3 d4 6. Nd5 Nf6 7. Nxf6+ Qxf6 8. Bxc6+ bxc6 9. Qa4 Bd7 10. d3 c5 11. Qa5 Bc6 12. f3 Qh4+ 13. Kf1 Bd6 14. Qe1 Qe7 15. h4 h5 16. g5 O-O 17. Nh3 f6 18. g6 f5 19. Rg1 e4 20. f4 Rae8 21. Bd2 e3 22. Ba5 Rf6 23. Qg3 Rb8 24. Qg5 Kf8 25. Qxh5 Ke8 26. b3 Kd8 27. Qh7 Be8 28. h5 Kd7 29. Be1 Kc6 30. Bh4 Bd7 31. h6 gxh6 32. g7 Be6 33. Bxf6 Qxf6 34. g8=Q Bxg8 35. Rxg8 Qh4 36. Kg2 Bxf4 37. Rf1 Bd6 38. Rg6 Rf8 39. Qxh6 Qe7 40. Qh5 Qe5 41. Rf4 Rh8 42. Qf3+ Kb6 43. Qd5 Rxh3 44. Qxe5 Rg3+ 45. Kxg3 1-0


[Site "https://www.chess.com"]

[Event "Titled Tuesday Blitz July 18 Late 2023"]
[White "Lopez Idarraga, Daniel Eduardo"]
[Black "Bartel, Michal"]
[WhiteFideId "4405501"]
[BlackFideId "1119257"]
[WhiteElo "2307"]
[BlackElo "2569"]
[Result "0-1"]
[Round "1"]
[TimeControl "180+2"]
[Date "2023.07.18"]
[WhiteClock "0:00:00"]
[BlackClock "0:00:20"]
[Board "135"]

1. d4 Nf6 2. Bf4 c5 3. e3 Qb6 4. Na3 d6 5. Nc4 Qc6 6. a4 Nbd7 7. Nf3 Nh5 8. Bg5 h6 9. Bh4 g5 10. Nfd2 Ndf6 11. Bg3 Nxg3 12. hxg3 Bd7 13. Be2 Bg7 14. Bf3 Qc7 15. c3 O-O 16. O-O Rac8 17. b4 b6 18. b5 Be6 19. Bc6 Bd5 20. Bxd5 Nxd5 21. Rc1 Qd7 22. Qf3 e6 23. e4 Ne7 24. g4 Ng6 25. g3 cxd4 26. cxd4 Bxd4 27. Rfd1 Qe7 28. Nb3 Bg7 29. a5 Rxc4 30. Rxc4 Ne5 31. Qe2 Nxc4 32. Qxc4 bxa5 33. Nxa5 Qd7 34. Qc6 Qxc6 35. Nxc6 Ra8 36. Rxd6 Bf8 37. Rd8 Rxd8 38. Nxd8 Bc5 39. Nc6 Kf8 40. Kf1 Ke8 41. Ke2 f6 42. f4 Kd7 43. e5 f5 44. gxf5 exf5 45. Kf3 g4+ 46. Kg2 h5 47. Na5 Ke6 48. Nb7 Be3 49. Nd6 h4 50. Nc4 Bc1 51. Na5 Kd5 52. Nc6 Be3 53. Nd8 h3+ 54. Kh2 Kc5 55. e6 Kd6 0-1


[Site "https://www.chess.com"]

[Event "Titled Tuesday Blitz July 18 Late 2023"]
[White "Altman, Joshua"]
[Black "Barwinska, Ewa"]
[WhiteFideId "426210"]
[BlackFideId "21833761"]
[WhiteElo "2569"]
[BlackElo "2302"]
[Result "1/2-1/2"]
[Round "1"]
[TimeControl "180+2"]
[Date "2023.07.18"]
[WhiteClock "0:00:06"]
[BlackClock "0:00:45"]
[Board "136"]

1. Nf3 d5 2. b3 Nd7 3. Bb2 Ngf6 4. e3 c5 5. c4 e6 6. Be2 Be7 7. O-O O-O 8. Nc3 b6 9. cxd5 exd5 10. d4 Bb7 11. Rc1 Ne4 12. dxc5 Ndxc5 13. Nd4 Bf6 14. Nxe4 Nxe4 15. Bf3 Rc8 16. Qd3 Qd7 17. h3 Ng5 18. Bg4 Ne6 19. Rxc8 Rxc8 20. Nxe6 fxe6 21. Bxf6 gxf6 22. e4 d4 23. Rd1 Rd8 24. Qc4 Kf7 25. e5 Qd5 26. Qxd5 Rxd5 27. exf6 Kxf6 28. Bf3 Rd7 29. Bxb7 Rxb7 30. Rxd4 Rc7 31. Rd2 b5 32. f3 Kf5 33. Kf2 e5 34. Ke3 Rc3+ 35. Ke2 Kf4 36. Kf2 Rc5 37. g3+ Kf5 38. Re2 a5 39. Rd2 a4 40. bxa4 bxa4 41. g4+ Kf4 42. Re2 a3 43. Re4+ Kg5 44. Re2 Rb5 45. Ke3 Kh4 46. Kd3 Kxh3 47. Kc4 Rb2 48. Rxe5 Rxa2 49. Kb3 Rf2 50. Rh5+ Kg3 51. Rxh7 Rxf3+ 52. Ka2 Kxg4 53. Ra7 Kf4 54. Rxa3 Rxa3+ 55. Kxa3 1/2-1/2


[Site "https://www.chess.com"]

[Event "Titled Tuesday Blitz July 18 Late 2023"]
[White "Garmendiarov"]
[Black "Grebeniuk, Semen"]
[BlackFideId "14117509"]
[WhiteElo "2301"]
[BlackElo "2568"]
[Result "0-1"]
[Round "1"]
[TimeControl "180+2"]
[Date "2023.07.18"]
[WhiteClock "0:00:02"]
[BlackClock "0:00:59"]
[Board "137"]

1. e4 c5 2. Nf3 Nc6 3. Bb5 g6 4. Bxc6 dxc6 5. d3 Bg7 6. h3 e5 7. Nc3 Nf6 8. Be3 Nd7 9. Qd2 h6 10. O-O Nf8 11. Bxc5 Ne6 12. Be3 b6 13. Nh2 g5 14. a4 Nf4 15. a5 Rb8 16. axb6 axb6 17. Ra7 O-O 18. Nf3 Qf6 19. Bxf4 exf4 20. e5 Qf5 21. d4 Be6 22. Qd3 Qxd3 23. cxd3 Rfd8 24. Rfa1 c5 25. d5 Bxd5 26. Nxd5 Rxd5 27. Ra8 Rdd8 28. Rxb8 Rxb8 29. Kf1 b5 30. Rc1 Rc8 31. d4 c4 32. Ke2 f6 33. exf6 Bxf6 34. Ne5 Rd8 35. Nc6 Rd6 36. Ne5 Rxd4 37. Nf3 Re4+ 38. Kd2 Bxb2 39. Rb1 c3+ 40. Kd3 Re8 41. Nd4 b4 42. Kc2 Re4 43. Rd1 Kf7 44. f3 Re3 45. Kb3 Re8 46. Nf5 Re2 47. Nd6+ Ke6 48. Ne4 c2 49. Rd6+ Ke7 50. Rc6 c1=Q 51. Rxc1 Bxc1 52. Kxb4 Rxg2 0-1


[Site "https://www.chess.com"]

[Event "Titled Tuesday Blitz July 18 Late 2023"]
[White "Gatineau, Yovann"]
[Black "Cruz, William Ferreira Da"]
[WhiteFideId "26028999"]
[BlackFideId "2118050"]
[WhiteElo "2568"]
[BlackElo "2299"]
[Result "1/2-1/2"]
[Round "1"]
[TimeControl "180+2"]
[Date "2023.07.18"]
[WhiteClock "0:00:34"]
[BlackClock "0:00:10"]
[Board "138"]

1. Nf3 Nf6 2. b4 g6 3. Bb2 Bg7 4. c4 O-O 5. e3 d6 6. d4 e5 7. dxe5 Ng4 8. Be2 Nc6 9. a3 a5 10. b5 Ncxe5 11. Nxe5 Nxe5 12. Nc3 Be6 13. Qa4 Nd7 14. O-O Nc5 15. Qd1 a4 16. Bd3 Re8 17. Re1 c6 18. Rb1 Qa5 19. Qc2 Rad8 20. bxc6 bxc6 21. Red1 Rb8 22. Ba1 Nb3 23. Bb2 Nc5 24. Ba1 Nb3 25. Bb2 Nc5 1/2-1/2


[Site "https://www.chess.com"]

[Event "Titled Tuesday Blitz July 18 Late 2023"]
[White "Krishnan, Varun"]
[Black "Fernandez Siles, Luis"]
[WhiteFideId "5054508"]
[BlackFideId "2209420"]
[WhiteElo "2568"]
[BlackElo "2297"]
[Result "1-0"]
[Round "1"]
[TimeControl "180+2"]
[Date "2023.07.18"]
[WhiteClock "0:01:35"]
[BlackClock "0:01:29"]
[Board "140"]

1. a3 d5 2. Nf3 c5 3. c4 e6 4. e3 Nf6 5. d4 cxd4 6. exd4 Nc6 7. Nc3 Be7 8. Bg5 O-O 9. Bd3 dxc4 10. Bxc4 Nd5 11. Bxe7 Ncxe7 12. O-O b6 13. Ne5 Bb7 14. Ba2 Rc8 15. Ne4 Ng6 16. Qd2 Ndf4 17. Nxg6 fxg6 18. Rfe1 Bxe4 19. Rxe4 Qg5 20. Rxf4 1-0


[Site "https://www.chess.com"]

[Event "Titled Tuesday Blitz July 18 Late 2023"]
[White "Kaganskiy, Gleb"]
[Black "Jimenez Almeida, Luis David"]
[WhiteFideId "4132025"]
[BlackFideId "22242244"]
[WhiteElo "2294"]
[BlackElo "2567"]
[Result "0-1"]
[Round "1"]
[TimeControl "180+2"]
[Date "2023.07.18"]
[WhiteClock "0:00:43"]
[BlackClock "0:01:09"]
[Board "141"]

1. e4 c5 2. Nf3 e6 3. c3 Nc6 4. d4 cxd4 5. cxd4 d5 6. e5 Nge7 7. Nc3 Nf5 8. a3 Bd7 9. b4 a5 10. b5 Na7 11. a4 Nc8 12. Bd3 Nb6 13. O-O Rc8 14. Bb2 Be7 15. Rc1 O-O 16. Re1 Nc4 17. Ba1 Bb4 18. Re2 Nh4 19. Nxh4 Qxh4 20. Na2 Ba3 21. Rc3 Be7 22. Bb1 g6 23. Rh3 Qg5 24. Nc1 Nxe5 25. f4 Qxf4 26. Nd3 Nxd3 27. Qxd3 Rc1+ 28. Qd1 Rxd1+ 29. Re1 Rxe1# 0-1


[Site "https://www.chess.com"]